 Dungeon Crawl Stone Soup version 0.31-a0-214-gb37851dbb3 (webtiles) character file.

Game seed: 13662503929560476184

39 qw the Shooter (level 3, -6/29 HPs)
             Began as a Minotaur Hexslinger on July 1, 2023.
             Mangled by Sigmund
             ... wielding a +0 scythe
              (9 damage)
             ... on level 2 of the Dungeon.
             The game lasted 00:00:25 (1005 turns).

qw the Shooter (Minotaur Hexslinger)                Turns: 1005, Time: 00:00:25

Health: -6/29      AC:  3    Str: 12    XL:     3   Next: 28%
Magic:  3/3        EV: 12    Int: 10    God:
Gold:   22         SH:  0    Dex: 14    Spells: 3/4 levels left

rFire   + . .        Y - +2 sling
rCold   + . .        (no shield)
rNeg    . . .        h - +1 robe {rC+ rF+}
rPois   .            (helmet restricted)
rElec   .            (no cloak)
rCorr   .            (no gloves)
SInv    .            (no boots)
Will    .....        (no amulet)
Stlth   +            (no ring)
HPRegen 0.24/turn    (no ring)
MPRegen 0.08/turn

%: no passive effects
@: no status effects
A: horns 2, retaliatory headbutt
a: no special abilities


You were on level 2 of the Dungeon.
You visited 1 branch of the dungeon, and saw 2 of its levels.

You collected 78 gold pieces.
You spent 56 gold pieces at shops.


Innate Abilities, Weirdness & Mutations

You have a pair of horns on your head.
You reflexively headbutt those who attack you in melee.


   Skills:
 - Level 2.0 Fighting
 + Level 3.9 Ranged Weapons
 - Level 2.1 Dodging
 - Level 1.0 Spellcasting
 - Level 2.0 Hexes


You had 3 spell levels left.
You knew the following spells:

 Your Spells              Type           Power      Damage    Failure   Level
a - Slow                  Hex            16%        N/A       16%         1

Your spell library contained the following spells:

 Spells                   Type           Power      Damage    Failure   Level
 Inner Flame              Hex/Fire       2%         N/A       56%         3
 Portal Projectile        Hex/Tloc       4%         N/A       56%         3
 Cause Fear               Hex            2%         N/A       83%         4

Inventory:

Hand Weapons
 Y - a +2 sling (weapon)
Armour
 g - a +0 ring mail
 h - a +1 robe of resistance (worn)
Jewellery
 l - the ring of Sin {rCorr MP+9 Str+3 Dex+3}
   (You found it on level 2 of the Dungeon)

   [ring of resist corrosion]

   Str:       It affects your strength (+3).
   Dex:       It affects your dexterity (+3).
   MP:        It affects your magic capacity (+9).
   rCorr:     It protects you from acid and corrosion.
Scrolls
 a - a scroll of teleportation
 b - a scroll of identify
 f - a scroll of vulnerability {unknown}
 i - a scroll of noise {unknown}
 k - 2 scrolls of revelation {unknown}
Potions
 c - a potion of might
 d - a potion of resistance {unknown}
 e - a potion of curing {unknown}
 j - a potion of enlightenment {unknown}
 m - a potion of invisibility {unknown}

Dungeon Overview and Level Annotations

Branches:
Dungeon (2/15)

Altars:
Kikubaaqudgha

Shops:
D:2 [(*

Annotations:
D:2 Sigmund


Message History

984 ||| FLEEEEING.
985 ||| FLEEEEING.
986 ||| STILL FLEEEEING.
987 ||| FLEEEEING.
988 ||| FLEEEEING.
You see here a dart slug corpse.
Enter note:
Enter note:
989 ||| FLEEEEING.
990 ||| FLEEEEING.
Enter note:
Enter note:
991 ||| FLEEEEING.
992 ||| FLEEEEING.
Enter note:
Enter note:
993 ||| STILL FLEEEEING.
994 ||| FLEEEEING.
995 ||| FLEEEEING.
A magic dart appears from out of thin air!
The magic dart hits you but does no damage.
996 ||| FLEEEEING.
997 ||| FLEEEEING.
998 ||| FLEEEEING.
999 ||| FLEEEEING.
You shoot a sling bullet.
The sling bullet misses the frilled lizard.
A magic dart appears from out of thin air!
The magic dart hits you!
You shoot a sling bullet.
The sling bullet hits the frilled lizard!
You kill the frilled lizard!
You shoot a sling bullet. Something hits you.
You shoot a sling bullet. Something hits you.
You shoot a sling bullet. You shoot a sling bullet. Something hits you!
You die...

#.#.## ##.......## #<#.##
#....####.........###....#####
#.......+.........)...........
#....####.........###^.).#####
####.#.### ##.......## #.#.##
.........# ##.....## ##.###
..##.###.######...## #...####
..##.# #~~~~~~~#+## #......#
..##.###.~..~.##@# #...####~~~
..............##.############~~~~
.###.###.#...##.......# ##~~~~~
.........##..##.%.###.# ##~~~~~~
####.#######.......##.# #~~~~~~~
#.# ####...###.# #~~~~~~~
#.##########....##.####~~~~~~~
#.............#.......'.......
############.......##.'.......


There were no monsters in sight!

Vanquished Creatures
  An adder (D:2)
  2 dart slugs
  5 ball pythons
  2 bats (D:1)
  3 endoplasms
  4 goblins
  A hobgoblin (D:2)
  A quokka (D:1)
  2 frilled lizards (D:2)
  3 kobolds
  A rat (D:2)
25 creatures vanquished.

Notes
Turn   | Place    | Note
-------+----------+-------------------------------------------
     0 | D:1      | qw the Minotaur Hexslinger began the quest for the Orb.
     0 | D:1      | Reached XP level 1. HP: 16/16 MP: 1/1
     0 | D:1      | 0 ||| qw: Version: 0.3-a-32-g5962c71
     0 | D:1      | 0 ||| qw: Game counter: 7421
     0 | D:1      | 0 ||| qw: Melee chars always use a shield: true
     0 | D:1      | 0 ||| qw: God list: Okawaru
     0 | D:1      | 0 ||| qw: Allow faded altars: false
     0 | D:1      | 0 ||| qw: Do Orc after clearing Dungeon:15 true
     0 | D:1      | 0 ||| qw: Do second Lair branch before Depths: true
     0 | D:1      | 0 ||| qw: Lair rune preference: random
     0 | D:1      | 0 ||| qw: Goals: Normal
     0 | D:1      | 0 ||| PLANNING D:1-11
   193 | D:1      | Reached skill level 3 in Ranged Weapons
   193 | D:1      | Reached XP level 2. HP: 21/23 MP: 2/2
   604 | D:1      | 604 ||| UPGRADING to +0 ring mail.
   614 | D:1      | 614 ||| DROPPING +0 robe.
   615 | D:1      | 615 ||| UPGRADING to +1 robe of resistance.
   625 | D:1      | 625 ||| READING 2 scrolls labelled MIDWES QOKIEMU.
   629 | D:1      | 629 ||| READING scroll labelled IJOEPTEYKK.
   630 | D:1      | 630 ||| READING scroll labelled ZYODIMP NUURGH.
   631 | D:1      | 631 ||| READING scroll labelled FYLITS DUSAXKE.
   632 | D:1      | 632 ||| DROPPING scroll of poison.
   663 | D:2      | Reached XP level 3. HP: 26/29 MP: 3/3
   749 | D:2      | Found Busup's Armour Shop.
   755 | D:2      | Found Xam Tuph's General Store.
   756 | D:2      | Found an ancient bone altar of Kikubaaqudgha.
   763 | D:2      | 763 ||| SHOPLISTING +2 leather armour of poison resistance
                  | (224 gold, have 67).
   763 | D:2      | 763 ||| BUYING potion of might (56 gold).
   763 | D:2      | Bought a potion of might for 56 gold pieces
   763 | D:2      | 763 ||| SHOPLISTING scroll of identify (28 gold, have 11).
   777 | D:2      | Found Cadiguix's Antique Weapon Boutique.
   861 | D:2      | Identified the ring of Sin {rCorr MP+9 Str+3 Dex+3}
   959 | D:2      | Noticed Sigmund
   978 | D:2      | 978 ||| FLEEEEING.
   980 | D:2      | 980 ||| FLEEEEING.
   981 | D:2      | 981 ||| FLEEEEING.
   983 | D:2      | 983 ||| FLEEEEING.
   984 | D:2      | 984 ||| FLEEEEING.
   985 | D:2      | 985 ||| FLEEEEING.
   987 | D:2      | 987 ||| FLEEEEING.
   988 | D:2      | 988 ||| FLEEEEING.
   989 | D:2      | 989 ||| FLEEEEING.
   990 | D:2      | 990 ||| FLEEEEING.
   991 | D:2      | 991 ||| FLEEEEING.
   992 | D:2      | 992 ||| FLEEEEING.
   994 | D:2      | 994 ||| FLEEEEING.
   995 | D:2      | 995 ||| FLEEEEING.
   996 | D:2      | 996 ||| FLEEEEING.
   997 | D:2      | 997 ||| FLEEEEING.
   998 | D:2      | 998 ||| FLEEEEING.
   999 | D:2      | 999 ||| FLEEEEING.
  1000 | D:2      | HP: 7/29 [something/magic dart (8)]
  1003 | D:2      | HP: 3/29 [something (3)]
  1005 | D:2      | Mangled by Sigmund

Levels and vault maps discovered:
D:1:      spicycebolla_arrival_clurvy, layout_loops_ring
D:2:      kennysheep_big_flooded_room, layout_loops_corners, basic_altar,
          serial_shops, nicolae_shop_real_fake_doors, nicolae_shop_behind_doors,
          shop, shop, nicolae_shop_window_shopping,
          chequers_serial_rivers_micro_e, uniq_sigmund

Skill      XL: |  1  2 |
---------------+-------+-----
Ranged Weapons | 3 |  3.9
Fighting       | 2 |  2.0
Dodging        | |  2.1
Spellcasting   | |  1.0
Hexes          | |  2.0

Action                     || total
---------------------------++-------
   Fire: Sling             ||    56
    Use: Scroll            ||     4
 Armour: Robe              ||     6
  Dodge: Dodged            ||     8

Table legend:
 A = Non-vault XP
 B = Vault XP
 C = Vault XP percentage of total XP
 D = Non-vault monster count
 E = Vault monster count
 F = Vault count percentage of total count
                 A         B        C        D         E       F
            +---------+---------+-------+---------+---------+-------
      Total |      55 |       2 |   3.5 |      23 |       2 |   8.0
            +---------+---------+-------+---------+---------+-------
        D:1 |      24 |       0 |   0.0 |      12 |       0 |   0.0
        D:2 |      31 |       2 |   6.1 |      11 |       2 |  15.4
            +---------+---------+-------+---------+---------+-------
